 Dungeon Crawl Stone Soup version 0.28.0 (console) character file.

Game seed: 9363478577361647540

59160 jejorda2 the Fighter (level 14, -2/82 HPs)
             Began as a Vine Stalker Berserker on Feb 7, 2022.
             Was a High Priest of Trog.
             Slain by a cane toad (10 damage)
             ... on level 6 of the Lair of Beasts.
             The game lasted 01:02:17 (18836 turns).

jejorda2 the Fighter (Vine Stalker Berserker)      Turns: 18836, Time: 01:02:21

Health: -2/82      AC: 33    Str: 25    XL:     14   Next: 93%
Magic:  0/15       EV:  9    Int: 13    God:    Trog [*****.]
Gold:   898        SH:  0    Dex: 14    Spells: 13/13 levels left

rFire   . . .      SeeInvis .   a - +5 quick blade
rCold   + + .      Faith    .   n - orb {light}
rNeg    . . .      Spirit   +   z - +7 chain mail of the Snail {rC+ Regen+}
rPois   +          Reflect  .   W - +2 hat {Will+}
rElec   +          Harm     .   y - +2 cloak
rCorr   .          Rampage  .   N - +1 pair of gloves "Rafoar" {-Cast rElec rPois}
Will    +++..      NoCast   +   C - +0 pair of boots
Stlth   ..........              (no amulet)
HPRegen 1.83/turn               f - +4 ring of protection
MPRegen 0.14/turn               P - ring "Vudoaczy" {rC+ Will+ Int+6}

@: glowing
A: fangs 3, regeneration 1, magic shield, antimagic bite, no potion heal 2
a: Renounce Religion, Berserk, Trog's Hand, Brothers in Arms


You were on level 6 of the Lair of Beasts.
You worshipped Trog.
Trog was extremely pleased with you.
You visited 2 branches of the dungeon, and saw 19 of its levels.
You also visited: Ossuary, Bailey and Gauntlet.

You collected 1231 gold pieces.
You spent 333 gold pieces at shops.

Inventory:

Hand Weapons
 a - a +5 quick blade (weapon)
Missiles
 g - 383 stones (quivered)
 p - 16 boomerangs
 q - 3 curare-tipped darts
 x - 28 poisoned darts
 S - a throwing net
 T - 3 silver javelins
 V - 18 javelins
Armour
 n - an orb of light (worn)
 y - a +2 cloak (worn)
 z - the +7 chain mail of the Snail (worn) {rC+ Regen+}
   (You found it on level 8 of the Dungeon)

   rC:        It protects you from cold.
   Regen:     It increases your rate of health regeneration.
 C - a +0 pair of boots (worn)
 J - the +3 chain mail "Fomirhon" {Harm rF+ rN+}
   (You took it off an orc on level 9 of the Dungeon)

   rF:        It protects you from fire.
   rN:        It protects you from negative energy.
   Harm:      It increases damage dealt and taken.
 N - the +1 pair of gloves "Rafoar" (worn) {-Cast rElec rPois}
   (You acquired it on level 2 of the Lair of Beasts)

   rElec:     It insulates you from electricity.
   rPois:     It protects you from poison.
   -Cast:     It prevents spellcasting.
 W - a +2 hat of willpower (worn)
Jewellery
 f - a +4 ring of protection (left hand)
 i - a ring of resist corrosion
 o - a ring of protection from cold
 P - the ring "Vudoaczy" (right hand) {rC+ Will+ Int+6}
   (You found it in a Gauntlet)

   [ring of intelligence]

   Int:       It affects your intelligence (+6).
   rC:        It protects you from cold.
   Will:      It increases your willpower.
Wands
 h - a wand of paralysis (15)
 k - a wand of digging (3)
 m - a wand of flame (20)
 r - a wand of mindburst (14)
 u - a wand of acid (15)
 D - a wand of charming (6)
 H - a wand of iceblast (15)
 O - a wand of polymorph (3)
Scrolls
 j - 6 scrolls of fear
 s - 5 scrolls of enchant weapon
 v - 8 scrolls of blinking
 A - 5 scrolls of enchant armour
 B - 3 scrolls of teleportation
 L - 3 scrolls of identify
 R - 3 scrolls of magic mapping
 U - a scroll of summoning
Potions
 c - 5 potions of flight
 d - 4 potions of might
 e - 5 potions of ambrosia
 l - 4 potions of cancellation
 t - 3 potions of lignification
 w - 5 potions of attraction
 E - 2 potions of mutation
 F - 8 potions of curing
 I - a potion of invisibility
 Q - a potion of haste
Miscellaneous
 K - a phial of floods
 M - a condenser vane
 X - a box of beasts


   Skills:
 + Level 13.5 Fighting
 - Level 10.0 Short Blades
 + Level 12.4 Armour
 - Level 1.5 Dodging
 - Level 1.1 Stealth
 - Level 7.4 Shields
 - Level 9.0 Evocations


You had 13 spell levels left.
You didn't know any spells.
Your spell library was empty.

Dungeon Overview and Level Annotations

Branches:
Dungeon (13/15)            Temple (0/1) D:6            Lair (6/6) D:9
  Swamp (0/4) Lair:3        Snake (0/4) Lair:4          Orc (0/2) D:9
Ossuary (visited)          Bailey (visited)         Gauntlet (visited)
  Slime: Lair:5-6    Vaults: D:13-14

Altars:
Cheibriados
Dithmenos
Hepliaklqana
Makhleb
Okawaru
Trog
Vehumet
Zin
The Shining One
Beogh

Shops:
D:5 *


Innate Abilities, Weirdness & Mutations

You have razor-sharp teeth.
Your natural rate of healing is unusually fast.
When hurt, damage is shared between your health and your magic reserves.
Your bite disrupts and absorbs the magic of your enemies.
Potions cannot restore your health.


Message History

The cane toad stings you.
The cane toad stings you but does no damage.
You feel very sick. The cane toad completely misses you.
The cane toad stings you!
You feel sick. The cane toad stings you!
* * * LOW HITPOINT WARNING * * *
You feel sick.
The cane toad stings you but does no damage.
You feel sick. The cane toad misses you.
The cane toad stings you but does no damage.
You feel sick.
The cane toad stings you but does no damage. x2
You feel yourself speed up.
You feel sick.
You are no longer poisoned.
The cane toad stings you!
* * * LOW HITPOINT WARNING * * *
You are poisoned.
The cane toad poisons you!
An elephant comes into view.
Your ogre goes berserk!
You feel very sick.
The elephant trumpets!
The cane toad stings you but does no damage.
The cane toad stings you.
* * * LOW HITPOINT WARNING * * *
The cane toad stings you but does no damage.
You feel very sick.
The elephant tramples the fungus!
The fungus begins to die.
The elephant trunk-slaps the fungus.
Your ogre hits the cane toad with a +0 giant club!
You feel very sick.
The elephant tramples the fungus!
The elephant trunk-slaps the fungus.
Your system rejects the healing.
You feel better.
Your ogre hits the cane toad with a +0 giant club!!
The cane toad dies!
Trog accepts your kill. The cane toad stings you.
The elephant tramples your ogre!
Your ogre stumbles backwards!
The cane toad stings you!
You die... #YY

. #.## # ##Y. .. ###
..# ..# #.#####.#..##
##...........#
######.........#..#
#.#.#PYYP........##
##@F.Y.Y..........#
###.Y#............
###..............#
##.....#...)......#
##.................#
#.......[....<......
##..........P......##
#..................#.
##...................


You could see 5 elephants and a cane toad.

Vanquished Creatures
  Gastronok (Lair:2)
  A frost giant (D:10)
  A minotaur (Gauntlet)
  5 hydras
  A boulder beetle (Lair:6)
  2 vault guards (Bailey)
  A catoblepas (Lair:4)
  7 two-headed ogres
  12 death yaks
  7 slime creatures (D:12)
  A soul eater (Gauntlet)
  Sonja (Lair:6)
  A lindwurm (Lair:4)
  2 ugly things (D:12)
  A wolf spider (D:10)
  A cyclops (D:12)
  3 black mambas
  A gargoyle (D:12)
  An unseen horror (D:11)
  2 torpor snails
  10 cane toads
  A kobold demonologist (D:12)
  9 komodo dragons
  2 rime drakes (Lair:4)
  5 trolls
  Grinder (D:6)
  A queen bee (D:9)
  A polar bear (Lair:5)
  A tyrant leech (Lair:3)
  Prince Ribbit (Bailey)
  5 blink frogs (Lair:1)
  7 dream sheep
  5 flying skulls (Gauntlet)
  4 wyverns
  2 shadows
  4 humans (Bailey)
  3 basilisks
  2 steam dragons
  A neqoxec (Gauntlet)
  2 wraiths
  42 yaks
  3 vampire mosquitoes
  2 chaos spawn (Gauntlet)
  3 nagas (Lair:4)
  3 swamp worms (Lair:3)
  2 acid dragons
  4 small abominations (Gauntlet)
  15 water moccasins
  A sky beast (D:8)
  2 large abominations (Gauntlet)
  5 orc warriors
  An ogre (D:5)
  2 black bears
  2 necrophages
  22 wolves
  7 centaurs
  A phantom (D:5)
  4 elf zombies (Ossuary)
  5 kobold brigands
  18 bullfrogs
  A gnoll sergeant (D:12)
  A wyvern zombie (D:8)
  A wyvern skeleton (D:7)
  A water moccasin skeleton (D:5)
  18 killer bees
  6 wights (D:8)
  2 electric eels (Lair:1)
  7 howler monkeys
  A human zombie (Ossuary)
  6 centaur zombies
  A jelly (D:7)
  4 orc priests
  A bullfrog skeleton (D:6)
  Ijyb (D:4)
  5 iguanas
  13 orc wizards
  A killer bee zombie (D:9)
  2 mummies (Ossuary)
  2 howler monkey zombies (D:7)
  2 gnolls
  9 adders
  2 shadow imps (Gauntlet)
  3 ufetubi
  2 adder zombies (Ossuary)
  2 worms
  2 dart slugs (D:1)
  31 orcs
  11 ball pythons
  12 endoplasms
  3 giant cockroaches
  13 goblins
  4 hobgoblins
  12 jackals
  4 quokkas
  3 bats
  2 frilled lizards (D:1)
  9 hobgoblin zombies (Ossuary)
  2 jackal zombies (Ossuary)
  19 kobolds
  8 kobold zombies (Ossuary)
  11 orc zombies (Ossuary)
  25 rats
528 creatures vanquished.

Vanquished Creatures (collateral kills)
  The ghost of Kalaber the Impaler, a novice MiFi of Okawaru (D:9)
  A cane toad (Lair:6)
  4 flying skulls (Gauntlet)
  An orc warrior (D:9)
  A wolf (Lair:1)
  An orc priest (D:9)
  3 orcs
12 creatures vanquished.

Vanquished Creatures (others)
  29 fungi
  15 plants
44 creatures vanquished.

Grand Total: 584 creatures vanquished

Notes
Turn   | Place    | Note
-------+----------+-------------------------------------------
     0 | D:1      | jejorda2 the Vine Stalker Berserker began the quest for the
                  | Orb.
     0 | D:1      | Reached XP level 1. HP: 11/11 MP: 2/2
   513 | D:1      | Reached XP level 2. HP: 12/16 MP: 1/3
   760 | D:1      | Reached skill level 3 in Fighting
  1056 | D:1      | Found a faded altar of an unknown god.
  1071 | D:1      | Reached XP level 3. HP: 20/20 MP: 2/4
  1922 | D:2      | Gained mutation: Your natural rate of healing is unusually
                  | fast. [Vine Stalker growth]
  1922 | D:2      | Reached XP level 4. HP: 23/24 MP: 3/5
  2113 | D:2      | Reached ** piety under Trog
  2545 | D:3      | Found an iron altar of Okawaru.
  2545 | D:3      | Found a bloodstained altar of Trog.
  2553 | D:3      | Found a radiant altar of Vehumet.
  2860 | D:3      | Reached XP level 5. HP: 28/28 MP: 6/6
  2902 | D:3      | Reached *** piety under Trog
  3068 | D:4      | Noticed Ijyb
  3092 | D:4      | Paralysed by Ijyb for 3 turns
  3102 | D:4      | Paralysed by Ijyb for 2 turns
  3108 | D:4      | Paralysed by Ijyb for 7 turns
  3118 | D:4      | Killed Ijyb
  3119 | D:4      | Reached XP level 6. HP: 32/32 MP: 5/7
  3562 | D:4      | Reached skill level 5 in Short Blades
  3709 | D:3      | Found a shadowy altar of Dithmenos.
  3709 | D:3      | Found a burning altar of Makhleb.
  3709 | D:3      | Found a snail-covered altar of Cheibriados.
  3731 | D:5      | Entered Level 5 of the Dungeon
  3968 | D:5      | Noticed a black bear
  3984 | D:5      | Killed a black bear
  3985 | D:5      | Reached XP level 7. HP: 37/37 MP: 8/8
  4534 | D:5      | Found Moule's Assorted Antiques.
  4537 | D:5      | Bought a scroll labelled INESEAFAYTH for 28 gold pieces
  4537 | D:5      | Bought a lumpy grey potion for 25 gold pieces
  4922 | D:6      | Noticed Grinder
  4937 | D:6      | Killed Grinder
  4938 | D:6      | Reached skill level 4 in Fighting
  4938 | D:6      | Reached skill level 1 in Stealth
  4938 | D:6      | Gained mutation: You have razor-sharp teeth. [Vine Stalker
                  | growth]
  4938 | D:6      | Reached XP level 8. HP: 42/42 MP: 9/9
  4956 | D:6      | Found a sand-covered staircase.
  4972 | Ossuary  | Entered an ossuary
  5101 | Ossuary  | Reached **** piety under Trog
  5703 | D:6      | Found a staircase to the Ecumenical Temple.
  5807 | D:6      | Reached XP level 9. HP: 46/46 MP: 10/10
  6003 | D:7      | Noticed a two-headed ogre
  6010 | D:7      | Killed a two-headed ogre
  6011 | D:7      | Reached skill level 5 in Fighting
  6162 | D:7      | Found a flagged portal.
  6167 | Bailey   | Entered a bailey
  6241 | Bailey   | Reached skill level 10 in Short Blades
  6263 | Bailey   | Reached skill level 5 in Armour
  6349 | Bailey   | Reached skill level 6 in Fighting
  6388 | Bailey   | Reached skill level 1 in Evocations
  6394 | Bailey   | Reached XP level 10. HP: 36/53 MP: 7/11
  6414 | Bailey   | Noticed Prince Ribbit
  6431 | Bailey   | Killed Prince Ribbit
  6456 | Bailey   | Noticed a vault guard
  6479 | Bailey   | Killed a vault guard
  6553 | Bailey   | Noticed a vault guard
  6564 | Bailey   | Killed a vault guard
  6565 | Bailey   | Reached skill level 7 in Fighting
  6890 | D:7      | Identified the +9 spear of the Forest {vamp, rCorr}
  7681 | D:8      | Noticed a two-headed ogre
  7692 | D:8      | Killed a two-headed ogre
  7693 | D:8      | Reached XP level 11. HP: 52/60 MP: 7/12
  8075 | D:8      | Identified the +7 chain mail of the Snail {rC+ Regen+}
  8400 | D:9      | Reached skill level 5 in Evocations
  8439 | D:9      | Reached skill level 8 in Fighting
  8491 | D:9      | Reached ***** piety under Trog
  8590 | D:9      | Found a runed translucent gate.
  8590 | D:9      | Found a runed translucent gate.
  8591 | D:9      | Found a runed translucent gate.
  8591 | D:9      | Identified the +6 plate armour "Qoesmug" {rElec}
  8593 | D:9      | Noticed Kalaber's ghost (novice MiFi)
  8599 | D:9      | Identified the +3 chain mail "Fomirhon" {Harm rF+ rN+}
  8641 | D:9      | Found a staircase to the Lair.
  8645 | D:9      | Found a glowing silver altar of Zin.
  8799 | D:9      | Found a staircase to the Orcish Mines.
  9705 | D:9      | Killed Kalaber's ghost
  9796 | D:10     | Entered Level 10 of the Dungeon
  9854 | D:10     | Noticed a two-headed ogre
  9864 | D:10     | Killed a two-headed ogre
  9942 | D:10     | Reached skill level 1 in Shields
  9951 | D:10     | Reached skill level 9 in Fighting
 10047 | D:10     | Noticed a frost giant
 10061 | D:10     | Noticed a wolf spider
 10062 | D:10     | Killed a frost giant
 10071 | D:10     | Killed a wolf spider
 10107 | D:10     | Identified the +10 hand axe "Killer Klown's Death" {freeze,
                  | *Noise Str+3 Dex+7}
 10163 | D:10     | Reached XP level 12. HP: 66/67 MP: 13/13
 10764 | D:10     | Found a hazy altar of Hepliaklqana.
 10960 | D:11     | Found a gate leading to a gauntlet.
 10969 | Gauntlet | Entered a Gauntlet
 10969 | Gauntlet | Found a transporter.
 10978 | Gauntlet | Found a transporter.
 10981 | Gauntlet | Found a transporter.
 10982 | Gauntlet | Found a transporter.
 10986 | Gauntlet | Found a runed translucent door.
 10987 | Gauntlet | Noticed a soul eater
 10988 | Gauntlet | Found a runed translucent door.
 10990 | Gauntlet | Found a transporter.
 10993 | Gauntlet | Found a transporter.
 10994 | Gauntlet | Found a transporter.
 10998 | Gauntlet | Found a runed translucent door.
 10999 | Gauntlet | Found a runed translucent door.
 11002 | Gauntlet | Found a transporter.
 11005 | Gauntlet | Found a transporter.
 11006 | Gauntlet | Found a transporter.
 11011 | Gauntlet | Noticed a death yak
 11013 | Gauntlet | Noticed a death yak
 11017 | Gauntlet | Found a transporter.
 11018 | Gauntlet | Found a transporter.
 11020 | Gauntlet | Noticed a death yak
 11022 | Gauntlet | Found a transporter.
 11026 | Gauntlet | Found a transporter.
 11282 | Gauntlet | Killed a soul eater
 11283 | Gauntlet | Reached skill level 10 in Fighting
 11356 | Gauntlet | Identified the +4 trident of Zyfogg {vorpal, rF+ Will-
                  | rCorr}
 11360 | Gauntlet | Identified the ring "Vudoaczy" {rC+ Will+ Int+6}
 11381 | Gauntlet | Killed a death yak
 11388 | Gauntlet | Killed a death yak
 11389 | Gauntlet | Reached skill level 5 in Shields
 11508 | Gauntlet | Noticed a minotaur
 11518 | Gauntlet | Killed a minotaur
 11771 | D:11     | Found a glowing golden altar of the Shining One.
 11892 | D:11     | Noticed a five-headed hydra
 11901 | D:11     | Killed a five-headed hydra
 12463 | D:12     | Reached XP level 13. HP: 73/73 MP: 14/14
 12470 | D:12     | Reached skill level 11 in Fighting
 12510 | D:12     | Reached skill level 10 in Armour
 13394 | Lair:1   | Entered Level 1 of the Lair of Beasts
 13713 | Lair:1   | You fall into a shaft and drop 1 floor!
 13881 | Lair:2   | Identified a scroll of acquirement
 13881 | Lair:2   | Acquired the +1 pair of gloves "Rafoar" {-Cast rElec rPois}
 14259 | D:5      | Bought a runed bronze ring for 140 gold pieces
 14259 | D:5      | Bought a glowing jade ring for 140 gold pieces
 14654 | Lair:1   | Identified the ring "Ynwoush" {MP+9 Int+7 Dex+7}
 14905 | Lair:1   | Reached skill level 12 in Fighting
 15323 | Lair:2   | Noticed Gastronok
 15355 | Lair:2   | Killed Gastronok
 15388 | Lair:2   | Found the +18 shield of the Gong {rElec rN+ Will+ EV-5}
 15670 | Lair:3   | Reached XP level 14. HP: 63/80 MP: 15/15
 16393 | Lair:3   | Found a staircase to the Swamp.
 16891 | Lair:4   | Found a staircase to the Snake Pit.
 17039 | Lair:4   | Reached skill level 13 in Fighting
 18545 | Lair:6   | Entered Level 6 of the Lair of Beasts
 18710 | Lair:6   | Received a gift from Trog
 18810 | Lair:6   | Noticed Sonja
 18819 | Lair:6   | Killed Sonja
 18836 | Lair:6   | Slain by a cane toad

Illustrated notes

Levels and vault maps discovered:
D:1:      zelgadis_glass_arrival_small, layout_basic,
          nicolae_ecumenical_snake_handling, amcnicky_mini_rare_corridor_liquid,
          minmay_quantized
D:2:      layout_basic
D:3:      layout_basic, nicolae_overflow_hidden_temple,
          nicolae_vehumet_altar_sigil, chequers_serial_rivers_small_b,
          minmay_crystal_room, minmay_rat_hole
D:4:      layout_loops_ring, minmay_misc_feat_rugged, uniq_ijyb
D:5:      layout_loops_cross, serial_shops, nicolae_shop_window_shopping,
          minmay_misc_feat_chi, hangedman_minor_gate_pass
D:6:      layout_gridville, minmay_temple_entry_hall,
          nicolae_ossuary_entry_monument, uniq_grinder
D:7:      layout_loops_ring, enter_bailey_3, chequers_serial_rivers_micro_b
D:8:      kennysheep_steamy, layout_basic
D:9:      layout_layer_cave, mainiacjoe_overflow_paths, lair_entry_dummy,
          orc_0_dummy, biasface_ghost_orc_armoury, minivault_7
D:10:     layout_roguey, amcnicky_altar_gilded, hangedman_decor_clover_reticule,
          minmay_the_grid_2x2 [minmay_the_grid_box_x, minmay_the_grid_x,
          minmay_the_grid_doors, minmay_the_grid_prize_diamond_cup]
D:11:     layout_irregular_city, gauntlet_entry_generic,
          nicolae_tso_carved_into_rock
D:12:     layout_loops_ring, minmay_increasing_density
D:13:     kennysheep_kobold_lugonu_temple, layout_gridville
Lair:1:   layout_small_grid, infiniplex_staircase_pool, serial_bayou_shore_a,
          grunt_megastairs_3
Lair:2:   layout_chaotic_city, serial_bayou_pond_d, uniq_gastronok
Lair:3:   layout_gridlike, palyth_hydra_swamp_entry
Lair:4:   layout_layer_cave, guppyfry_snake_entry_island, grunt_megastairs_1
Lair:5:   layout_gridlike, serial_bayou_pond_a, serial_bayou_shore_b
Lair:6:   hangedman_lair_caniforms_friends, layout_gridlike,
          nicolae_slime_entry_slimehenge, infiniplex_staircase_pool_2,
          uniq_sonja

Skill      XL: |  1  2  3  4  5  6  7  8  9 10 11 12 13 14 |
---------------+-------------------------------------------+-----
Short Blades   | 3 4 5 7 8 10 | 10.0
Fighting       | 3 4 6 7 9 10 12 13 | 13.5
Armour         | 2 3 4 5 7 8 9 11 12 | 12.4
Stealth        | 1 |  1.1
Evocations     | 1 4 6 7 9 |  9.0
Shields        | 3 6 7 |  7.4
Dodging        | |  1.5

Action                   |  1- 3 |  4- 6 |  7- 9 | 10-12 | 13-15 || total
-------------------------+-------+-------+-------+-------+-------++-------
Melee: Short sword       |    30 |       |       |       |       ||    30
       Bite              |    29 |    65 |   172 |   336 |   488 ||  1090
       Dagger            |    93 |   185 |   411 |   723 |   849 ||  2261
       Punch             |     2 |       |       |       |       ||     2
       Quick blade       |       |       |       |       |    54 ||    54
Throw: Stone             |       |       |       |    81 |    73 ||   154
       Dart              |       |       |       |       |     4 ||     4
Invok: Berserk           |     2 |     3 |     3 |    15 |     5 ||    28
       Trog's Hand       |       |     2 |     1 |     2 |     1 ||     6
       Brothers in Arms  |       |       |       |     4 |     2 ||     6
Evoke: Wand              |       |       |       |     2 |     2 ||     4
  Use: Scroll            |       |    10 |     5 |     6 |     6 ||    27
       Potion            |       |       |       |       |     1 ||     1
 Stab: Paralysed         |       |       |       |     1 |     1 ||     2
       Petrified         |       |       |       |       |     4 ||     4
       Petrifying        |       |       |       |       |     3 ||     3
Armor: Animal skin       |     8 |       |       |       |       ||     8
       Scale mail        |    39 |    10 |    84 |    60 |       ||   193
       Chain mail        |       |    70 |    29 |    68 |   328 ||   495
       Plate armour      |       |       |       |   258 |    81 ||   339
Dodge: Dodged            |    48 |    64 |   110 |   218 |   251 ||   691
